 Dungeon Crawl Stone Soup version 0.27-a0-475-g4587593e40 (webtiles) character file.

Game seed: 6592353800205719158

23 Leibowitz the Shield-Bearer (level 2, 0/25 HPs)
             Began as a Demigod Fighter on Mar 1, 2021.
             Succumbed to an adder's poison
             ... on level 2 of the Dungeon.
             The game lasted 00:00:48 (235 turns).

Leibowitz the Shield-Bearer (Demigod Fighter)        Turns: 235, Time: 00:00:48

Health: 0/25       AC:  7    Str: 17    XL:     2   Next: 57%
Magic:  4/4        EV:  7    Int: 10    God:
Gold:   25         SH:  9    Dex: 13    Spells: 1/1 levels left

rFire    . . .     SeeInvis .   a - +0 war axe
rCold    . . .     Faith    .   c - +0 kite shield
rNeg     . . .     Spirit   .   b - +0 scale mail
rPois    .         Reflect  .   (no helmet)
rElec    .         Harm     .   e - +0 cloak
rCorr    .         Rampage  .   (no gloves)
Will     .....                  (no boots)
Stlth    ..........             (no amulet)
HPRegen  0.08/turn              (no ring)
MPRegen  0.09/turn              (no ring)

@: lethally poisoned (0 -> -11)
A: high mp 1
a: no special abilities


You were on level 2 of the Dungeon.
You visited 1 branch of the dungeon, and saw 2 of its levels.

You collected 25 gold pieces.

Inventory:

Hand Weapons
 a - a +0 war axe (weapon)
Armour
 b - a +0 scale mail (worn)
 c - a +0 kite shield (worn)
 e - a +0 cloak (worn)
Potions
 d - a potion of might


   Skills:
 * Level 2.8 Fighting
 * Level 2.1 Axes
 * Level 2.9 Armour
 * Level 0.4 Dodging
 * Level 3.0 Shields


You had one spell level left.
You didn't know any spells.
Your spell library was empty.

Dungeon Overview and Level Annotations

Branches:
Dungeon (1/15)


Innate Abilities, Weirdness & Mutations

You have an increased reservoir of magic. (+10% MP)


Message History

The jackal is severely wounded.
The jackal bites you.
The jackal bites you but does no damage.
An adder comes into view.
The adder hisses angrily.
You slash the jackal!
You kill the jackal!
You see here a jackal corpse.
You see here a leopard gecko corpse.
You miss the adder. You block the adder's attack.
The adder bites you but does no damage. The adder barely misses you.
You closely miss the adder.
The adder bites you but does no damage. x2
You closely miss the adder. The adder barely misses you. The adder bites you.
You are poisoned.
The adder poisons you!
You miss the adder.
You feel sick. The adder bites you.
You are more poisoned.
The adder poisons you! You block the adder's attack.
You closely miss the adder.
You feel sick. You block the adder's attack.
The adder bites you but does no damage.
You closely miss the adder.
You feel sick. The adder bites you but does no damage. The adder bites you.
* * * LOW HITPOINT WARNING * * *
You are more poisoned.
The adder poisons you!
You closely miss the adder.
* * * LOW HITPOINT WARNING * * *
You feel sick. The adder barely misses you.
The adder bites you but does no damage.
You slash the adder!
You kill the adder!
* * * LOW HITPOINT WARNING * * *
You feel sick.
Your Shields skill increases to level 3!
Okay, then.
* * * LOW HITPOINT WARNING * * *
You feel sick.
* * * LOW HITPOINT WARNING * * *
You feel sick.
You die...

#.# #.# #.#
#### #(# ..#
#.# #.# #.#
####.#####>#
#...@...†.†#
#.##.#######
#.# ..# ####


There were no monsters in sight!

Vanquished Creatures
  An adder (D:2)
  A leopard gecko (D:2)
  A goblin (D:1)
  A hobgoblin (D:1)
  2 jackals (D:2)
  4 kobolds (D:1)
  A bat (D:1)
  A frilled lizard (D:1)
  A rat (D:1)
13 creatures vanquished.

Notes
Turn   | Place    | Note
-------+----------+-------------------------------------------
     0 | D:1      | Leibowitz the Demigod Fighter began the quest for the Orb.
     0 | D:1      | Reached XP level 1. HP: 18/18 MP: 3/3
   213 | D:1      | You fall into a shaft and drop 1 floor!
   217 | D:2      | Reached XP level 2. HP: 22/25 MP: 4/4
   232 | D:2      | Reached skill level 3 in Shields
   233 | D:2      | HP: 1/25 [poisoned by an adder]
   235 | D:2      | Succumbed to an adder's poison

Illustrated notes

Levels and vault maps discovered:
D:1:      minmay_arrival_arboretum_small, layout_loops_ring,
          kennysheep_minor_cross, minmay_small_reverse_x
D:2:      layout_loops_cross

Skill      XL: |  1  2 |
---------------+-------+-----
Axes           | 2 |  2.1
Shields        | 3 |  3.0
Fighting       | |  2.8
Armour         | |  2.9
Dodging        | |  0.4

Action                   || total
-------------------------++-------
Melee: War axe           ||    42
Armor: Scale mail        ||    31
Dodge: Dodged            ||    15
Block: Kite shield       ||    25

Table legend: (Time is in decaauts)
 A = Elapsed time spent in this place.
 B = Non-inter-level travel time spent in this place.
 C = Inter-level travel time spent in this place.
 D = Time resting spent in this place.
 E = Time spent auto-exploring this place.
 F = Levels seen in this place.
 G = Mean time per level.
                   A        B        C        D        E       F      G
               +--------+--------+--------+--------+--------+-----+--------+
         Total |    262 |    262 |      0 |      0 |    159 |   2 |  131.0 |
       Dungeon |    262 |    262 |      0 |      0 |    159 |   2 |  131.0 |
               +--------+--------+--------+--------+--------+-----+--------+

Top non-repeatable levels by time:
     D:1: 230 daAuts
     D:2: 31 daAuts
